[Event "Titled Tuesday Blitz December 06 Early 2022"]
[White "Omelja, Artem"]
[Black "Levine, David"]
[WhiteFideId "14119846"]
[BlackFideId "2011611"]
[WhiteElo "2404"]
[BlackElo "2190"]
[Result "1-0"]
[Round "01"]
[TimeControl "180+1"]
[Date "2022.12.07"]
[WhiteClock "0:00:04"]
[BlackClock "0:00:16"]

1. d4 d5 2. c4 dxc4 3. e3 e5 4. Bxc4 exd4 5. exd4 Bd6 6. Ne2 Nf6 7. O-O O-O 8. Bf4 Re8 9. Bxd6 Qxd6 10. Nbc3 c6 11. h3 Bf5 12. Qd2 Nbd7 13. Bb3 Nb6 14. Rfe1 Rad8 15. Rad1 h6 16. a3 Bg6 17. Qf4 Qd7 18. Qg3 Nbd5 19. Nf4 Nxf4 20. Qxf4 Rxe1+ 21. Rxe1 Qxd4 22. Qg3 Qb6 23. Ba2 Rd2 24. Re7 Rxb2 25. Qxg6 Qxf2+ 26. Kh2 Qf4+ 27. Qg3 Qxg3+ 28. Kxg3 Rc2 29. Rxf7 Rxc3+ 30. Kh2 Rxa3 31. Be6 Re3 32. Rxf6+ Kh7 33. Bf5+ g6 34. Rf7+ Kg8 35. Bxg6 Rb3 36. Rd7 a5 37. Bf7+ Kf8 38. Bxb3 1-0


[Site "https://www.chess.com"]

[Event "Titled Tuesday Blitz December 06 Early 2022"]
[White "Onslow, Alfie"]
[Black "Papp, Levente"]
[WhiteFideId "436976"]
[BlackFideId "751243"]
[WhiteElo "2015"]
[BlackElo "2380"]
[Result "0-1"]
[Round "01"]
[TimeControl "180+1"]
[Date "2022.12.07"]
[WhiteClock "0:00:10"]
[BlackClock "0:00:09"]

1. e4 e6 2. d3 d5 3. Nd2 Nf6 4. Ngf3 Bc5 5. e5 Nfd7 6. d4 Bb6 7. Bd3 c5 8. c3 Nc6 9. dxc5 Bc7 10. b4 Ncxe5 11. Nxe5 Nxe5 12. Bc2 O-O 13. Nf3 Qf6 14. O-O Nxf3+ 15. Qxf3 Qxf3 16. gxf3 e5 17. f4 exf4 18. Rd1 Re8 19. Ba4 Re6 20. Ba3 Rg6+ 21. Kh1 Bg4 22. Rd3 Bf5 23. Rad1 h5 24. f3 Bxd3 25. Rxd3 Rg5 26. c6 b6 27. Bb3 Re8 28. Rd1 Re2 29. Bxd5 Rgg2 30. b5 Rxh2+ 31. Kg1 Reg2+ 32. Kf1 Rc2 33. Kg1 Rhg2+ 34. Kf1 Rgf2+ 35. Kg1 h4 36. Be7 h3 37. Bh4 h2+ 38. Kh1 Rfd2 39. Rxd2 Rxd2 40. Be4 f6 41. c4 g5 42. Bd5+ Kg7 43. Be1 Rd1 44. Kxh2 Rxe1 45. Kh3 Re2 46. Kg4 Rxa2 47. Kf5 Re2 48. Be4 Kf7 49. Bd5+ Ke7 50. Kg6 Ra2 51. Kf5 Ra3 52. Kg4 a6 53. bxa6 Rxa6 54. Kf5 Ra5 55. Ke4 b5 56. cxb5 Rxb5 57. Bg8 Kd6 58. Bf7 f5+ 59. Kd3 Re5 60. Be8 Re3+ 61. Kd4 Rxf3 62. Bd7 g4 63. Bxf5 g3 64. Be4 Re3 65. Bg2 Re2 66. Bf3 Rf2 67. Be4 g2 68. Bxg2 Rxg2 69. Ke4 Rf2 70. Kd3 Kxc6 71. Ke4 Kc5 72. Kd3 Kd5 0-1


[Site "https://www.chess.com"]

[Event "Titled Tuesday Blitz December 06 Early 2022"]
[White "Oparin, Grigoriy"]
[Black "Borgaonkar Akshay"]
[WhiteFideId "24125890"]
[BlackFideId "25639110"]
[WhiteElo "2641"]
[BlackElo "2063"]
[Result "1-0"]
[Round "01"]
[TimeControl "180+1"]
[Date "2022.12.06"]
[WhiteClock "0:00:58"]
[BlackClock "0:00:58"]

1. Nf3 Nf6 2. g3 g6 3. Bg2 Bg7 4. c4 O-O 5. Nc3 d6 6. d4 Nbd7 7. O-O c6 8. e4 e5 9. Qc2 exd4 10. Nxd4 Nc5 11. Rd1 a5 12. Bf4 Nh5 13. Be3 Qc7 14. Rd2 Nf6 15. h3 Nfd7 16. Rad1 Nb6 17. b3 Bd7 18. Bf4 Be5 19. Nde2 Rad8 20. Rxd6 Bxd6 21. Bxd6 Qc8 22. Bxc5 Bxh3 23. Bxb6 Rxd1+ 24. Qxd1 Qg4 25. Nf4 Qxd1+ 26. Nxd1 Bxg2 27. Kxg2 a4 28. bxa4 1-0


[Site "https://www.chess.com"]

[Event "Titled Tuesday Blitz December 06 Early 2022"]
[White "Osmonbekov, Talaibek"]
[Black "Kim, Sergey"]
[WhiteFideId "2017253"]
[BlackFideId "13700570"]
[WhiteElo "2135"]
[BlackElo "2622"]
[Result "0-1"]
[Round "01"]
[TimeControl "180+1"]
[Date "2022.12.07"]
[WhiteClock "0:00:01"]
[BlackClock "0:00:22"]

1. d4 Nf6 2. Bf4 g6 3. Nc3 d6 4. e3 Bg7 5. h4 h5 6. Nf3 O-O 7. Qd2 c6 8. O-O-O Bg4 9. Be2 b5 10. Ng5 Qa5 11. f3 Bd7 12. g4 b4 13. Nb1 Qxa2 14. Qxb4 a5 15. Qa3 Qxa3 16. Nxa3 hxg4 17. fxg4 Bxg4 18. Bxg4 Nxg4 19. Rdg1 Nf6 20. Nc4 Nbd7 21. e4 Nh5 22. Be3 e5 23. dxe5 Nxe5 24. Nxd6 a4 25. Bc5 Rfb8 26. Ba3 Nf4 27. Rf1 Ne2+ 28. Kd2 Ng3 29. Ngxf7 Nxh1 30. Nxe5 Bxe5 31. Rxh1 Bxd6 32. Bxd6 Rxb2 33. Rg1 Kh7 34. h5 gxh5 35. Be5 Rb5 36. Rg7+ Kh6 37. Bc3 a3 38. Rc7 Rc5 39. Bg7+ Kg6 40. Bd4 Rc4 41. Kd3 Rxd4+ 42. Kxd4 a2 43. Rxc6+ Kg5 44. Rc5+ Kg4 45. Rc7 a1=Q+ 46. Ke3 Ra3+ 47. Kd2 Qd4+ 0-1


[Site "https://www.chess.com"]

[Event "Titled Tuesday Blitz December 06 Early 2022"]
[White "Papasimakopoulos, Alexandros"]
[Black "Federzoni, Enzo"]
[WhiteFideId "4244125"]
[BlackFideId "2173301"]
[WhiteElo "2384"]
[BlackElo "2039"]
[Result "1-0"]
[Round "01"]
[TimeControl "180+1"]
[Date "2022.12.07"]
[WhiteClock "0:01:14"]
[BlackClock "0:00:14"]

1. d4 Nf6 2. c4 g6 3. Nc3 Bg7 4. e4 d6 5. f3 O-O 6. Nge2 c6 7. Be3 a6 8. c5 b5 9. cxb6 Qxb6 10. Na4 Qc7 11. Rc1 Be6 12. Nec3 Qb7 13. Be2 Nbd7 14. O-O Nb6 15. b3 Nxa4 16. Nxa4 Rfc8 17. Qd2 Nd7 18. Rc2 d5 19. Rfc1 dxe4 20. fxe4 c5 21. d5 Ne5 22. Nxc5 Rxc5 23. Rxc5 Bg4 24. h3 Bxe2 25. Qxe2 h5 26. Rc7 Qb4 27. Bc5 Qa5 28. Bxe7 Bh6 29. Rc8+ Rxc8 30. Rxc8+ Kh7 31. Bf6 Qb6+ 32. Qf2 Be3 33. Rh8# 1-0


[Site "https://www.chess.com"]

[Event "Titled Tuesday Blitz December 06 Early 2022"]
[White "Pein, Jonathan"]
[Black "Zemlyanskii, Ivan"]
[WhiteFideId "417092"]
[BlackFideId "24249971"]
[WhiteElo "2225"]
[BlackElo "2107"]
[Result "0-1"]
[Round "01"]
[TimeControl "180+1"]
[Date "2022.12.07"]
[WhiteClock "0:00:04"]
[BlackClock "0:00:33"]

1. c4 e5 2. Nc3 Bb4 3. g3 Bxc3 4. dxc3 Nf6 5. Bg2 O-O 6. e4 d6 7. Nh3 Nc6 8. O-O Be6 9. b3 h6 10. f3 a6 11. Qe2 Rb8 12. Rd1 Qc8 13. Nf2 b5 14. cxb5 axb5 15. Be3 Re8 16. Rd2 Qa6 17. Rad1 Qa5 18. f4 exf4 19. gxf4 Ne7 20. e5 dxe5 21. fxe5 Nfd5 22. Bxd5 Nxd5 23. Rxd5 Bxd5 24. Rxd5 Qxc3 25. Rc5 Qa1+ 26. Qf1 Qxa2 27. Rxc7 Qxb3 28. Ng4 Rxe5 29. Nxh6+ gxh6 30. Bf4 Re6 31. Rxf7 Rg6+ 32. Kh1 Qd5+ 0-1


[Site "https://www.chess.com"]

[Event "Titled Tuesday Blitz December 06 Early 2022"]
[White "Pinheiro, Iung Alicio de O."]
[Black "Kuchava, Ana"]
[WhiteFideId "2104350"]
[BlackFideId "13605348"]
[WhiteElo "2283"]
[BlackElo "2001"]
[Result "0-1"]
[Round "01"]
[TimeControl "180+1"]
[Date "2022.12.07"]
[WhiteClock "0:00:02"]
[BlackClock "0:01:25"]

1. e4 c5 2. Nf3 d6 3. d4 cxd4 4. Nxd4 Nf6 5. Nc3 Nc6 6. Bg5 Bd7 7. Qd3 Rc8 8. f4 Qb6 9. Bxf6 gxf6 10. Nb3 Nb4 11. Qd2 Bh6 12. g3 a5 13. a3 Nc6 14. Nd5 Qd8 15. Bb5 e6 16. Ne3 Qe7 17. Nc4 d5 18. exd5 exd5+ 19. Ne3 O-O 20. Kf2 d4 21. Nc4 Bg7 22. Rae1 Qd8 23. Nd6 Rb8 24. Rhg1 f5 25. Nc4 Re8 26. g4 fxg4 27. h3 h5 28. hxg4 Bxg4 29. Bxc6 bxc6 30. Ne5 Bxe5 31. fxe5 Qd5 32. Qg5+ Kf8 33. Qh6+ Ke7 34. Qf6+ Kd7 35. Rd1 c5 36. Nd2 Qxe5 0-1


[Site "https://www.chess.com"]

[Event "Titled Tuesday Blitz December 06 Early 2022"]
[White "Postnikov, Daniil"]
[Black "Grot, Blazej"]
[WhiteFideId "4166329"]
[BlackFideId "21835845"]
[WhiteElo "2261"]
[BlackElo "1823"]
[Result "1/2-1/2"]
[Round "01"]
[TimeControl "180+1"]
[Date "2022.12.07"]
[WhiteClock "0:00:09"]
[BlackClock "0:00:05"]

1. e4 d6 2. d4 Nf6 3. Nc3 c6 4. Nf3 Qa5 5. Bd3 e5 6. dxe5 dxe5 7. O-O Bg4 8. h3 Bh5 9. g4 Bg6 10. Bg5 Nbd7 11. a3 Qb6 12. b4 Be7 13. Nh4 a5 14. b5 Nc5 15. bxc6 bxc6 16. Nf5 Bxf5 17. gxf5 h6 18. Be3 Qc7 19. Rb1 Rd8 20. Qe2 Nxd3 21. cxd3 Bxa3 22. Bb6 Qd7 23. Bxd8 Qxd8 24. Qa2 Bb4 25. Qc4 O-O 26. Qxc6 Qxd3 27. Nd5 Nxe4 28. Nxb4 axb4 29. Rxb4 Ng5 30. h4 Nh3+ 31. Kg2 Nf4+ 32. Rxf4 exf4 33. Qf3 Qxf5 34. Re1 h5 35. Re4 Qg6+ 36. Kh2 Rc8 37. Rxf4 Rc2 38. Rf5 Qd6+ 39. Kh3 g6 40. Rg5 Qd7+ 41. Kg2 Rc4 42. Rd5 Rg4+ 43. Kf1 Qc7 44. Qd3 Qc1+ 45. Ke2 Qh1 46. Rd8+ Kh7 47. Qc3 Qe4+ 48. Kf1 Qc4+ 49. Qxc4 Rxc4 50. Rd7 Kg7 51. Kg2 Rxh4 52. Kg3 Rg4+ 53. Kf3 Rb4 54. Ra7 Rb5 55. Kg2 Rf5 56. Kg3 g5 57. Ra8 Kg6 58. f3 f6 59. Rg8+ Kf7 60. Rh8 Kg6 61. Kg2 g4 62. fxg4 hxg4 63. Kg3 Rg5 64. Rg8+ Kf5 65. Ra8 Kg6 66. Rg8+ Kh6 67. Rh8+ Kg7 68. Ra8 f5 69. Kf4 Rh5 70. Ra5 Kf6 71. Ra6+ Ke7 72. Ra7+ Ke6 73. Ra6+ Kd5 74. Ra5+ Kd4 75. Ra4+ Kd3 76. Ra3+ Kc4 77. Ra4+ Kb5 78. Ra1 Kb4 79. Ra8 Kc3 80. Ra3+ Kb2 81. Ra8 Kc2 82. Ra2+ Kd1 83. Ra1+ Ke2 84. Ra2+ Kf1 85. Ra1+ Kg2 86. Ra2+ Kh1 87. Ra1+ Kh2 88. Ra2+ Kh3 89. Ra1 g3 90. Rh1+ Kg2 91. Rxh5 Kf2 92. Rxf5 g2 93. Rg5 g1=Q 94. Rxg1 Kxg1 1/2-1/2


[Site "https://www.chess.com"]

[Event "Titled Tuesday Blitz December 06 Early 2022"]
[White "Pranesh M"]
[Black "Vlassov, Nikolai"]
[WhiteFideId "35028600"]
[BlackFideId "4103360"]
[WhiteElo "2403"]
[BlackElo "2324"]
[Result "1-0"]
[Round "01"]
[TimeControl "180+1"]
[Date "2022.12.06"]
[WhiteClock "0:00:11"]
[BlackClock "0:00:23"]

1. e4 c5 2. Nf3 d6 3. d4 cxd4 4. Nxd4 Nf6 5. Nc3 g6 6. f3 a6 7. Be3 Nbd7 8. Qd2 Qc7 9. O-O-O b5 10. Kb1 Bb7 11. h4 h5 12. Bd3 Rc8 13. Nce2 Bg7 14. c3 Nb6 15. Nb3 Nfd7 16. Bd4 Ne5 17. Bc2 Nbc4 18. Qe1 O-O 19. g4 Nxf3 20. Qg3 Nxd4 21. Nbxd4 d5 22. Qxc7 Rxc7 23. gxh5 dxe4 24. hxg6 Ne3 25. Rdg1 Nxc2 26. Kxc2 e3 27. Rh3 Be4+ 28. Kd1 f5 29. Ke1 f4 30. Nxf4 Bxd4 31. Ne6 Bb6 32. Nxc7 Bxc7 33. h5 Bf4 34. h6 e5 35. g7 Rc8 36. Rh5 b4 37. Rg4 bxc3 38. bxc3 Bd3 39. h7+ Bxh7 40. Ke2 Rc7 41. Rxh7 1-0


[Site "https://www.chess.com"]

[Event "Titled Tuesday Blitz December 06 Early 2022"]
[White "Predke, Alexandr"]
[Black "Jimenez Almeida, Luis David"]
[WhiteFideId "24107581"]
[BlackFideId "22242244"]
[WhiteElo "2616"]
[BlackElo "2158"]
[Result "1-0"]
[Round "01"]
[TimeControl "180+1"]
[Date "2022.12.07"]
[WhiteClock "0:00:12"]
[BlackClock "0:00:10"]

1. Nf3 Nf6 2. c4 b6 3. g3 Bb7 4. Bg2 g6 5. O-O Bg7 6. Nc3 e6 7. Re1 Ne4 8. Nxe4 Bxe4 9. d3 Bb7 10. e4 d6 11. d4 h6 12. Bf4 O-O 13. Qc1 Kh7 14. Qc2 Nc6 15. Rad1 Qe7 16. d5 Nb4 17. Qb1 e5 18. Be3 a5 19. a3 Na6 20. b4 axb4 21. axb4 Kh8 22. Rc1 f5 23. exf5 gxf5 24. Nh4 Qf7 25. Bh3 Bc8 26. f4 e4 27. Bf1 Bf6 28. Ng2 Bd7 29. Be2 Qg7 30. Red1 Kh7 31. Ne1 Bc3 32. Nc2 Bf6 33. Bd4 Rg8 34. Qb2 Bxd4+ 35. Qxd4 Ba4 36. Qd2 Qb2 37. Ne3 Qxd2 38. Rxd2 Nxb4 39. Nxf5 Na6 40. Ne3 Nc5 41. Ra2 Bb3 42. Raa1 Nd3 43. Bxd3 exd3 44. Rxa8 Rxa8 45. Rc3 Ra1+ 46. Kf2 Ra2+ 47. Kf3 Rb2 48. Rxd3 b5 49. cxb5 Ba2 50. Rc3 Rxb5 51. Rxc7+ Kg6 52. g4 Bxd5+ 53. Nxd5 Rxd5 54. Ke4 Rd2 55. h4 h5 56. f5+ Kf6 57. g5# 1-0


[Site "https://www.chess.com"]

[Event "Titled Tuesday Blitz December 06 Early 2022"]
[White "Putnam, Liam"]
[Black "Mika, Tomasz"]
[WhiteFideId "30938279"]
[BlackFideId "1132970"]
[WhiteElo "2082"]
[BlackElo "2179"]
[Result "1/2-1/2"]
[Round "01"]
[TimeControl "180+1"]
[Date "2022.12.07"]
[WhiteClock "0:00:02"]
[BlackClock "0:00:03"]

1. d4 d5 2. Nc3 Nf6 3. Bf4 e6 4. Nb5 Na6 5. e3 c6 6. Nc3 Nb8 7. Bd3 Be7 8. Nf3 O-O 9. Ne5 Nbd7 10. Qf3 c5 11. dxc5 Nxc5 12. O-O Nxd3 13. cxd3 Nd7 14. e4 Nxe5 15. Bxe5 dxe4 16. dxe4 Bd7 17. Rfd1 Qe8 18. Qg4 f6 19. Bd6 Rd8 20. Rd2 e5 21. Qg3 Be6 22. Rad1 Bxd6 23. Rxd6 Rxd6 24. Rxd6 Rf7 25. Qd3 Rd7 26. Qb5 Kf7 27. Qb4 Rxd6 28. Qxd6 Qd7 29. Qb4 a6 30. h3 b5 31. Qa5 Qc6 32. Qb4 Qc4 33. Qd6 b4 34. Nd1 Qxe4 35. Ne3 Qb1+ 36. Kh2 Qxb2 37. Qxa6 Qxf2 38. Qa7+ Kg6 39. Qc5 Bf5 40. Qc1 Be4 41. Qg1 Qxg1+ 42. Kxg1 Bb1 43. Nd5 Bxa2 44. Nxb4 Bf7 45. Kf2 h6 46. Nd3 Bd5 47. g3 Bb7 48. Ke3 Kf7 49. Kd2 Bc6 50. Ke3 Ke6 51. Nb4 Bb7 52. Nd3 g5 53. Nc5+ Kd5 54. Nxb7 f5 55. g4 f4+ 56. Ke2 e4 57. Nd8 Kd4 58. Ne6+ Ke5 59. Nc5 Kd4 60. Nb3+ Ke5 61. Nd2 Kd4 62. Nf1 f3+ 63. Kf2 Kd3 64. Ne3 Kd2 65. Nf5 Kd3 66. Ng3 Kd4 67. Nf1 Kd3 68. Nh2 Kd4 69. Nf1 1/2-1/2


[Site "https://www.chess.com"]

[Event "Titled Tuesday Blitz December 06 Early 2022"]
[White "Quizon, Daniel"]
[Black "D`Arruda, Ricardo D."]
[WhiteFideId "5217911"]
[BlackFideId "100692"]
[WhiteElo "2385"]
[BlackElo "2458"]
[Result "1/2-1/2"]
[Round "01"]
[TimeControl "180+1"]
[Date "2022.12.07"]
[WhiteClock "0:00:09"]
[BlackClock "0:00:12"]

1. Nf3 d5 2. g3 Nf6 3. Bg2 g6 4. O-O Bg7 5. d3 O-O 6. Nc3 Nc6 7. e4 e5 8. exd5 Nxd5 9. Bg5 f6 10. Bd2 Be6 11. Re1 Re8 12. a3 Qd7 13. Ne4 b6 14. c4 Nde7 15. Bc3 Nf5 16. Qa4 Rad8 17. Rad1 a5 18. b4 axb4 19. axb4 Ncd4 20. Qxd7 Rxd7 21. Nxd4 Nxd4 22. f4 Bg4 23. Rd2 Nf3+ 24. Bxf3 Bxf3 25. Re3 Bxe4 26. Rxe4 f5 27. Ree2 e4 28. Bxg7 Kxg7 29. dxe4 Rxd2 30. Rxd2 fxe4 31. Rd7+ Kf6 32. Rxc7 e3 33. Kf1 h5 34. Ke2 Re4 35. Rc6+ Kf5 36. Rxb6 Rxc4 37. Kxe3 Rc2 38. Rb5+ Kf6 39. h4 Rc3+ 40. Kf2 Rc2+ 41. Kf3 Rc3+ 42. Kg2 Rc2+ 43. Kh3 Rb2 44. Rb8 Kg7 45. b5 Kh7 46. b6 Kg7 47. b7 Kh7 48. f5 gxf5 49. Rf8 Rxb7 50. Rxf5 Kg6 51. Rg5+ Kh6 52. Rd5 Rb3 53. Kg2 Kg6 54. Kf2 Kh6 55. Rg5 Rc3 56. Rf5 Rc2+ 57. Kf3 Rc3+ 58. Kg2 Rc2+ 59. Kh3 Rc3 60. Re5 Kg6 61. Kg2 Kh6 62. Kf2 Kg6 63. Re6+ Kg7 64. Re3 Rc4 65. Kf3 Kg6 66. Re4 Rc3+ 67. Kf4 Rc1 68. Re6+ Kf7 69. Re5 Kg6 70. Re6+ Kf7 71. Ra6 Rc5 72. Rd6 Kg7 73. Re6 Rb5 74. Re5 Rb4+ 75. Re4 Rb5 76. Rd4 Kg6 77. Rd6+ Kg7 78. Re6 Rc5 79. Re5 Rc4+ 80. Kf5 Rg4 81. Re7+ Kh6 82. Re3 Kg7 83. Ra3 Kh7 84. Kf6 Kh6 85. Rb3 Kh7 86. Rb5 Kh6 87. Rg5 Ra4 88. Re5 Ra6+ 89. Kf5 Ra3 90. Re6+ Kh7 91. Kf4 Kg7 92. Re5 Kg6 93. Re6+ Kg7 94. Re3 Ra4+ 95. Kf5 Ra5+ 96. Re5 Ra3 97. Kf4 Kg6 98. Re6+ Kg7 1/2-1/2


[Site "https://www.chess.com"]

[Event "Titled Tuesday Blitz December 06 Early 2022"]
[White "Raahul V S"]
[Black "Sadhwani, Raunak"]
[WhiteFideId "25035525"]
[BlackFideId "35093487"]
[WhiteElo "2202"]
[BlackElo "2657"]
[Result "0-1"]
[Round "01"]
[TimeControl "180+1"]
[Date "2022.12.06"]
[WhiteClock "0:00:02"]
[BlackClock "0:00:06"]

1. c4 Nf6 2. Nc3 c5 3. Nf3 Nc6 4. d4 cxd4 5. Nxd4 g6 6. Nc2 Bg7 7. e4 O-O 8. Be2 d6 9. O-O a5 10. Be3 a4 11. Rc1 Qa5 12. f3 Be6 13. Nd5 Nd7 14. Nd4 Bxd4 15. Bxd4 Bxd5 16. cxd5 Nxd4 17. Qxd4 Rfc8 18. Rc3 Rxc3 19. bxc3 Rc8 20. Rc1 Rc7 21. Bf1 Ne5 22. f4 Nd7 23. Rb1 a3 24. Rb3 Nc5 25. Rb5 Qa8 26. e5 Nd7 27. Rb3 Qa5 28. g3 b6 29. Bh3 Nc5 30. Rb4 Qa7 31. Kg2 Qb7 32. Kg1 Qa7 33. Bf1 Rc8 34. Bb5 Rd8 35. Bc6 Qc7 36. exd6 Rxd6 37. Qe3 e6 38. c4 Qa7 39. Rb5 Rd8 40. dxe6 Nxe6 41. Bd5 Nc5 42. Rb1 Qd7 43. Re1 Qd6 44. Qxa3 Qf6 45. Qe3 h5 46. Qe7 Kg7 47. Qxf6+ Kxf6 48. Rb1 Rd6 49. Re1 Na4 50. Re8 Nc3 51. Bf3 Nxa2 52. Rc8 Rd3 53. Rc6+ Kg7 54. Bd5 Nc3 55. Rxb6 Rd2 56. Rb7 Nxd5 57. cxd5 Rxd5 58. Rb2 Rd1+ 59. Kf2 Rd6 60. Ke2 Rf6 61. Rd2 Rf5 62. Ke3 f6 63. Ke4 Ra5 64. Rd7+ Kh6 65. Rd6 Ra4+ 66. Ke3 Ra3+ 67. Rd3 Ra2 68. Rd2 Ra1 69. Rd6 Ra3+ 70. Ke2 Ra2+ 71. Rd2 Ra6 72. Ke3 g5 73. Kf3 g4+ 74. Ke4 Kg6 75. Rc2 Ra4+ 76. Ke3 Ra5 77. Ke4 Ra4+ 78. Ke3 Ra1 79. Rd2 Re1+ 80. Kf2 Rb1 81. Re2 Kf5 82. Rc2 Rb5 83. Ke3 Ra5 84. Kd4 h4 85. Ke3 h3 86. Kd4 Ra3 87. Rc5+ Kg6 88. Rc2 Ra4+ 89. Ke3 Ra5 90. Ke4 Kf7 0-1


[Site "https://www.chess.com"]

[Event "Titled Tuesday Blitz December 06 Early 2022"]
[White "Rakhmatullaev, Almas"]
[Black "Najdin, Danil"]
[WhiteFideId "14205793"]
[BlackFideId "4172426"]
[WhiteElo "2221"]
[BlackElo "2245"]
[Result "1-0"]
[Round "01"]
[TimeControl "180+1"]
[Date "2022.12.07"]
[WhiteClock "0:00:16"]
[BlackClock "0:00:03"]

1. e4 e5 2. Nf3 Nc6 3. Bb5 a6 4. Ba4 Nf6 5. O-O b5 6. Bb3 Bc5 7. Nxe5 Nxe5 8. d4 Bxd4 9. Qxd4 d6 10. a4 c5 11. Qd1 c4 12. Ba2 O-O 13. Nc3 Rb8 14. axb5 axb5 15. Bg5 h6 16. Bxf6 Qxf6 17. Nd5 Qh4 18. f4 Ng4 19. h3 Nf6 20. Ne7+ Kh8 21. Qxd6 Bxh3 22. Qa3 Bd7 23. Nd5 Nxe4 24. Qe7 Qxe7 25. Nxe7 Rfe8 26. Nd5 Bc6 27. Nb4 Bb7 28. b3 c3 29. Nd3 Ng3 30. Rfe1 Ne2+ 31. Kf2 Nd4 32. b4 Be4 33. Bxf7 Re7 34. Bg6 Nxc2 35. Bxe4 Nxa1 36. Ne5 Rxe5 37. fxe5 Nb3 38. e6 Kg8 39. e7 Nd4 40. Bd5+ Kh7 41. e8=Q Rxe8 42. Rxe8 c2 43. Be4+ g6 44. Rc8 1-0


[Site "https://www.chess.com"]

[Event "Titled Tuesday Blitz December 06 Early 2022"]
[White "Ramirez Vido, Robert Yorisan"]
[Black "Darini, Pouria"]
[WhiteFideId "3513823"]
[BlackFideId "12502200"]
[WhiteElo "2366"]
[BlackElo "2482"]
[Result "1/2-1/2"]
[Round "01"]
[TimeControl "180+1"]
[Date "2022.12.07"]
[WhiteClock "0:00:06"]
[BlackClock "0:00:25"]

1. f4 d5 2. Nf3 Bg4 3. e3 Nd7 4. Be2 Ngf6 5. O-O Bxf3 6. Bxf3 e5 7. b3 Bd6 8. g3 Qe7 9. Bb2 O-O-O 10. c4 dxc4 11. bxc4 e4 12. Bg2 Nc5 13. Bd4 c6 14. Nc3 Rhe8 15. Rb1 Qc7 16. Bxc5 Bxc5 17. Qc2 Ng4 18. Nxe4 Bxe3+ 19. dxe3 Nxe3 20. Qa4 Nxg2 21. Kxg2 Rxe4 22. Qxa7 Rd2+ 23. Rf2 Rxf2+ 24. Kxf2 Rxc4 25. Rd1 Rc2+ 26. Kg1 Qe7 27. Qa8+ Kc7 28. Qa5+ Kc8 29. Qa8+ Kc7 30. Qa5+ Kc8 31. Qa8+ 1/2-1/2


[Site "https://www.chess.com"]

[Event "Titled Tuesday Blitz December 06 Early 2022"]
[White "Richter, Paul"]
[Black "Nepo"]
[WhiteFideId "2046350"]
[WhiteElo "2585"]
[BlackElo "2232"]
[Result "1-0"]
[Round "01"]
[TimeControl "180+1"]
[Date "2022.12.07"]
[WhiteClock "0:00:10"]
[BlackClock "0:01:07"]

1. e4 e5 2. Nf3 Nf6 3. Nxe5 d6 4. Nf3 Nxe4 5. d4 d5 6. Bd3 Be7 7. O-O Nc6 8. c4 Nb4 9. cxd5 Nxd3 10. Qxd3 Qxd5 11. Re1 Bf5 12. g4 Bg6 13. Nc3 Nxc3 14. Qxc3 f6 15. Qxc7 Qd7 16. Qxd7+ Kxd7 17. Bf4 Rac8 18. Rac1 Bd6 19. Bxd6 Kxd6 20. h3 Rhe8 21. Rxe8 Rxe8 22. Rc3 Re2 23. Rb3 b6 24. Kf1 Rc2 25. Ne1 Rc1 26. Ke2 Bf7 27. Rc3 Rxc3 28. bxc3 Bxa2 29. Kd3 b5 30. Nc2 Bc4+ 31. Kd2 a5 32. Ne3 Be6 33. Kc2 a4 34. Kb2 g6 35. Ka3 h5 36. Kb4 Kc6 37. f3 hxg4 38. hxg4 f5 39. gxf5 gxf5 40. f4 Kb6 41. d5 Bd7 42. c4 bxc4 43. Nxc4+ Kc7 44. Kc5 Bc8 45. d6+ Kd8 46. Ne5 Bd7 47. Kb4 Be8 48. Ka3 Kc8 49. Kb4 Bd7 50. Nc4 Kb7 51. Kc5 Be6 52. Na3 Kc8 53. Nb5 Kd7 54. Na3 Bb3 55. Nb5 Bd1 56. Na3 Be2 57. Nc2 Bd3 58. Na3 Be4 59. Nb5 Bd3 60. Na3 Bf1 61. Nc2 Be2 62. Na3 Bd3 63. Kd4 Be4 64. Kc5 Bf3 65. Nc4 Be2 66. Nb6+ Kd8 67. Nxa4 Kd7 68. Nc3 Ba6 69. Nd5 Bd3 70. Nb6+ Kd8 71. Kd5 Be4+ 72. Ke6 Bc2 73. Nd5 Bb3 74. Ke5 Bc2 75. Ne3 Be4 76. Nxf5 Bb1 77. Nd4 Kd7 78. f5 Ba2 79. Ne6 Bb3 80. Nc5+ Kc6 81. Nxb3 1-0


[Site "https://www.chess.com"]

[Event "Titled Tuesday Blitz December 06 Early 2022"]
[White "Riehle, Marco"]
[Black "Rose, Felix"]
[WhiteFideId "12904392"]
[BlackFideId "5105722"]
[WhiteElo "2462"]
[BlackElo "2039"]
[Result "1-0"]
[Round "01"]
[TimeControl "180+1"]
[Date "2022.12.07"]
[WhiteClock "0:00:32"]
[BlackClock "0:00:18"]

1. e4 c5 2. a3 g6 3. h4 h5 4. Nc3 Bg7 5. Bc4 Nc6 6. d3 e6 7. Bg5 Bf6 8. Qd2 a6 9. O-O-O b5 10. Ba2 b4 11. axb4 Nxb4 12. Bb3 a5 13. Kb1 Bb7 14. f4 Bc6 15. Ba4 Bxg5 16. hxg5 Ne7 17. d4 Qb6 18. dxc5 Qxc5 19. Nf3 Bxa4 20. Nxa4 Qc7 21. Ne5 d5 22. g4 h4 23. c3 Nbc6 24. exd5 Nxd5 25. Rhe1 Nxe5 26. Rxe5 Kf8 27. Qd4 Rc8 28. Rxd5 Kg8 29. Rd8+ Rxd8 30. Qxd8+ Qxd8 31. Rxd8+ Kg7 32. Rxh8 Kxh8 33. Nc5 h3 34. Ne4 f5 35. gxf6 h2 36. Ng3 g5 37. fxg5 e5 38. Kc2 Kh7 39. Kd3 Kg6 40. Ke4 Kxg5 41. f7 Kxg4 42. Nh1 Kh3 43. f8=Q Kg2 44. Qf3+ Kg1 45. Qf2+ Kxh1 46. Qf1# 1-0


[Site "https://www.chess.com"]

[Event "Titled Tuesday Blitz December 06 Early 2022"]
[White "Rodriguez Fontecha, Marcos"]
[Black "Martinez Alcantara, Jose Eduardo"]
[WhiteFideId "2256576"]
[BlackFideId "3805662"]
[WhiteElo "2263"]
[BlackElo "2707"]
[Result "0-1"]
[Round "01"]
[TimeControl "180+1"]
[Date "2022.12.06"]
[WhiteClock "0:00:17"]
[BlackClock "0:00:19"]

1. Nf3 Nf6 2. g3 g6 3. Bg2 Bg7 4. d4 O-O 5. O-O d5 6. c4 c6 7. Nc3 dxc4 8. a4 Na6 9. e4 Bg4 10. Qe2 Bxf3 11. Bxf3 Qxd4 12. Rd1 Qc5 13. e5 Ne8 14. e6 f5 15. Rd7 Nd6 16. Bg5 Bf6 17. Bxf6 Rxf6 18. Rxe7 Nb4 19. Rd1 Nd3 20. b3 Ne4 21. Bxe4 Qxe7 22. Bxd3 cxd3 23. Qxd3 Rxe6 24. Qc4 Re8 25. Kg2 Qf7 26. Qc5 f4 27. Qxa7 f3+ 28. Kf1 Qf5 29. Qd4 Qh3+ 0-1


[Site "https://www.chess.com"]

[Event "Titled Tuesday Blitz December 06 Early 2022"]
[White "Rohith Krishna S"]
[Black "Jain, Naveen"]
[WhiteFideId "46617051"]
[BlackFideId "5003970"]
[WhiteElo "2270"]
[BlackElo "2036"]
[Result "0-1"]
[Round "01"]
[TimeControl "180+1"]
[Date "2022.12.07"]
[WhiteClock "0:00:15"]
[BlackClock "0:01:14"]

1. Nf3 Nf6 2. g3 g6 3. Bg2 Bg7 4. O-O O-O 5. d4 c5 6. c4 cxd4 7. Nxd4 Nc6 8. Nc2 d6 9. Nc3 Be6 10. Rb1 Bxc4 11. b3 Be6 12. Bb2 a6 13. Rc1 Rc8 14. Ne3 Qd7 15. Ncd5 Nxd5 16. Nxd5 Bxb2 17. Nb6 Qc7 18. Nxc8 Bxc1 19. Qxc1 Rxc8 20. h4 h5 21. Qh6 Ne5 22. Be4 d5 23. Bb1 Qc5 24. Kh1 Bh3 25. f4 Bxf1 26. fxe5 Qc1 27. Bxg6 Qxh6 28. Bxf7+ Kxf7 29. e6+ 0-1


[Site "https://www.chess.com"]

[Event "Titled Tuesday Blitz December 06 Early 2022"]
[White "Rosenberg, Evan S"]
[Black "Matinian, Nikita"]
[WhiteFideId "2019299"]
[BlackFideId "24129100"]
[WhiteElo "2369"]
[BlackElo "2422"]
[Result "0-1"]
[Round "01"]
[TimeControl "180+1"]
[Date "2022.12.07"]
[WhiteClock "0:00:08"]
[BlackClock "0:01:20"]

1. d4 Nf6 2. Nf3 g6 3. Nc3 d5 4. Bf4 Bg7 5. Nb5 Na6 6. e3 c6 7. Nc3 Nc7 8. h3 Bf5 9. Be2 h5 10. O-O Ne6 11. Bh2 g5 12. Bd3 Ne4 13. Nd2 Nxc3 14. bxc3 Bxd3 15. cxd3 g4 16. hxg4 hxg4 17. Qxg4 Qd7 18. Nf3 Bf6 19. Ne5 Bxe5 20. Bxe5 f6 21. Qg6+ Kd8 22. Bg3 Qc8 23. c4 Kd7 24. cxd5 cxd5 25. Rfc1 Qg8 26. Qf5 Ke8 27. Qxd5 Qh7 28. Kf1 Qxd3+ 29. Kg1 Qh7 30. f3 Kf7 31. Rc7 Rad8 32. Qc4 Qh1+ 33. Kf2 Qxa1 34. Rxb7 Rh1 35. Bf4 Qe1# 0-1


[Site "https://www.chess.com"]